 Dungeon Crawl Stone Soup version 0.30-a0-377-g5cb311bc9f (webtiles) character file.

Game seed: 3058828066566860916

89 KennySheep the Shooter (level 4, 0/36 HPs)
             Began as a Demigod Hunter on Nov 28, 2022.
             Succumbed to an adder's poison
             ... on level 2 of the Dungeon.
             The game lasted 00:04:32 (1397 turns).

KennySheep the Shooter (Demigod Hunter)             Turns: 1397, Time: 00:04:33

Health: 0/36       AC:  3    Str: 12    XL:     4   Next: 10%
Magic:  6/6        EV: 12    Int: 11    God:
Gold:   85         SH:  0    Dex: 21    Spells: 3/3 levels left

rFire   + . .      SeeInvis .    a - +0 shortbow
rCold   + . .      Faith    .    (shield currently unavailable)
rNeg    . . .      Spirit   .    c - +0 leather armour
rPois   +          Reflect  .    (no helmet)
rElec   +          Harm     .    (no cloak)
rCorr   +          Rampage  .    (no gloves)
Will    .....                    (no boots)
Stlth   ++........               (no amulet)
HPRegen 0.26/turn                (no ring)
MPRegen 0.10/turn                (no ring)

@: mighty, lethally poisoned (0 -> -5), resistant, attractive
A: high MP 1, forlorn, divine attributes
a: no special abilities


You were on level 2 of the Dungeon.
You visited 1 branch of the dungeon, and saw 2 of its levels.

You collected 85 gold pieces.

Inventory:

Hand Weapons
 a - a +0 shortbow (weapon)
Armour
 c - a +0 leather armour (worn)
Jewellery
 m - an amulet of guardian spirit
Wands
 k - a wand of mindburst (7)
Scrolls
 b - a scroll of immolation
 d - 4 scrolls of teleportation {unknown}
 f - a scroll of enchant weapon {unknown}
 h - a scroll of vulnerability {unknown}
 i - a scroll of brand weapon {unknown}
 j - a scroll of silence {unknown}
 l - a scroll of identify {unknown}
Potions
 e - a potion of might


   Skills:
 - Level 1.7 Fighting
 * Level 5.3 Ranged Weapons
 - Level 1.7 Dodging
 - Level 0.8 Stealth


You had 3 spell levels left.
You didn't know any spells.
Your spell library was empty.

Dungeon Overview and Level Annotations

Branches:
Dungeon (2/15)


Innate Abilities, Weirdness & Mutations

You have an increased reservoir of magic. (+10% MP)
You shall have no god before yourself.
Your divine heritage dramatically boosts your attributes as you level up.


Message History

You shoot an arrow.
The arrow hits the adder but does no damage.
The adder is moderately wounded.
You feel very sick. The adder bites you but does no damage.
The adder closely misses you.
You shoot an arrow. The arrow misses the adder.
You feel very sick. The adder barely misses you.
You shoot an arrow.
The arrow hits the adder but does no damage.
The adder is moderately wounded.
You feel sick. The adder barely misses you. The adder bites you.
You are more poisoned.
The adder poisons you!
You shoot an arrow. The arrow closely misses the adder.
You feel very sick. The adder barely misses you. The adder bites you.
You are lethally poisoned!
The adder poisons you!
You shoot an arrow. The arrow closely misses the adder.
* * * LOW HITPOINT WARNING * * *
You feel very sick. The adder bites you.
* * * LOW HITPOINT WARNING * * *
You shoot an arrow. The arrow barely misses the adder.
* * * LOW HITPOINT WARNING * * *
You feel very sick. The adder closely misses you. The adder bites you.
* * * LOW HITPOINT WARNING * * *
It was a potion of might.
You feel very mighty all of a sudden.
* * * LOW HITPOINT WARNING * * *
You feel sick. The adder misses you.
It was a potion of attraction.
You feel attractive to monsters.
* * * LOW HITPOINT WARNING * * *
You feel sick. The adder misses you.
It was a potion of resistance.
You feel protected.
You die...

#.....#
#.####
..#####
#>...# ..#
####.# ..#
#.#
..#######
#.#
..#.....#
#.#
..#.....#
#.#
........#
#.#
.##.....#
#@#
###.....#
#....S...#
#######
#[#.##.#.#
# #.#.#
..# # #.#
#.# ...


You could see an adder.

Vanquished Creatures
  Terence (D:2)
  An adder (D:2)
  6 bats
  3 endoplasms (D:2)
  7 goblins (D:1)
  3 hobgoblins
  4 jackals (D:1)
  7 kobolds
  5 ball pythons
  16 frilled lizards
  5 rats
58 creatures vanquished.

Vanquished Creatures (others)
  4 plants (D:1)
4 creatures vanquished.

Grand Total: 62 creatures vanquished

Notes
Turn   | Place    | Note
-------+----------+-------------------------------------------
     0 | D:1      | KennySheep the Demigod Hunter began the quest for the Orb.
     0 | D:1      | Reached XP level 1. HP: 17/17 MP: 3/3
    56 | D:1      | Reached skill level 4 in Ranged Weapons
   138 | D:1      | Reached XP level 2. HP: 24/24 MP: 4/4
   444 | D:1      | Reached XP level 3. HP: 17/29 MP: 5/5
   850 | D:2      | Reached skill level 5 in Ranged Weapons
   936 | D:2      | Noticed Terence
   942 | D:2      | Killed Terence
   943 | D:2      | Reached XP level 4. HP: 28/36 MP: 6/6
  1397 | D:2      | Succumbed to an adder's poison

Illustrated notes

Levels and vault maps discovered:
D:1:      tarquinn_simple_flora_water_c, layout_basic,
          nicolae_ecumenical_lake_church, minmay_lizard_king
D:2:      layout_loops_cross, chequers_decorated_corner,
          small_statue_intersection, uniq_crazy_yiuf_cottage, uniq_terence,
          uniq_natasha

Skill      XL: |  1  2  3 |
---------------+----------+-----
Ranged Weapons | 4 5 |  5.3
Fighting       | |  1.7
Dodging        | |  1.7
Stealth        | |  0.8

Action                   |  1- 3 |  4- 6 || total
-------------------------+-------+-------++-------
 Fire: Shortbow          |   131 |    31 ||   162
  Use: Potion            |       |     3 ||     3
Armor: Leather armour    |    24 |     4 ||    28
Dodge: Dodged            |    54 |    19 ||    73

Table legend: (Time is in decaauts)
 A = Elapsed time spent in this place.
 B = Non-inter-level travel time spent in this place.
 C = Inter-level travel time spent in this place.
 D = Time resting spent in this place.
 E = Time spent auto-exploring this place.
 F = Levels seen in this place.
 G = Mean time per level.
                   A        B        C        D        E       F      G
               +--------+--------+--------+--------+--------+-----+--------+
         Total |   1446 |   1421 |     25 |     44 |   1069 |   2 |  723.0 |
       Dungeon |   1446 |   1421 |     25 |     44 |   1069 |   2 |  723.0 |
               +--------+--------+--------+--------+--------+-----+--------+

Top non-repeatable levels by time:
     D:1: 774 daAuts
     D:2: 672 daAuts
